 Dungeon Crawl Stone Soup version 0.30.0-17-ge0270778cf (webtiles) character file.

Game seed: 10518445265980041844

48 Twinkles the Slasher (level 3, -4/27 HPs)
             Began as a Vampire Warper on May 21, 2023.
             Slain by a gnoll
             ... wielding a +0 halberd of protection
              (8 damage)
             ... on level 2 of the Dungeon.
             The game lasted 00:02:23 (1593 turns).

Twinkles the Slasher (Vampire Warper)               Turns: 1593, Time: 00:02:24

Health: -4/27      AC:  6    Str: 10    XL:     3   Next: 50%
Magic:  6/6        EV: 11    Int: 15    God:
Gold:   69         SH:  0    Dex: 15    Spells: 6/6 levels left

rFire   . . .        l - +0 rapier
rCold   . . .        (no shield)
rNeg    . . .        p - +0 ring mail
rPois   .            (no helmet)
rElec   .            q - +0 cloak
rCorr   .            (no gloves)
SInv    +            (no boots)
Will    .....        (no amulet)
Stlth   +            j - +4 ring of slaying
HPRegen 0.44/turn    (no ring)
MPRegen 0.10/turn

%: no passive effects
@: healing quickly
A: alive, fangs 3, see invisible, vampiric 2
a: Exsanguinate


You were on level 2 of the Dungeon.
You visited 1 branch of the dungeon, and saw 2 of its levels.

You collected 69 gold pieces.

Inventory:

Hand Weapons
 a - a +0 falchion
 l - a +0 rapier (weapon)
Missiles
 d - 7 boomerangs of dispersal (quivered)
 m - 5 boomerangs
Armour
 b - a +0 leather armour
 p - a +0 ring mail (worn)
 q - a +0 cloak (worn)
Jewellery
 j - a +4 ring of slaying (left hand)
Scrolls
 c - a scroll of teleportation {unknown}
 f - 3 scrolls of identify {unknown}
 h - a scroll of enchant armour {unknown}
 k - 2 scrolls of vulnerability {unknown}
 n - a scroll of noise {unknown}
 o - a scroll of fear {unknown}
 D - a scroll of blinking
Potions
 e - 3 potions of magic {unknown}
 g - 2 potions of curing {unknown}
 i - a potion of lignification {unknown}


   Skills:
 + Level 2.3 Fighting
 * Level 3.1 Long Blades
 - Level 0.7 Throwing
 - Level 0.7 Armour
 + Level 2.8 Dodging
 - Level 2.0 Spellcasting
 - Level 2.4 Translocations


You had 6 spell levels left.
You didn't know any spells.
Your spell library contained the following spells:

 Spells                   Type           Power      Damage    Failure   Level
 Blink                    Tloc           16%        N/A       32%         2
 Lesser Beckoning         Tloc           16%        N/A       32%         2
 Teleport Other           Tloc           8%         N/A       54%         3
 Vhi's Electric Charge    Tloc/Air       10%        N/A       71%         3
 Manifold Assault         Tloc           8%         N/A       91%         4


Dungeon Overview and Level Annotations

Branches:
Dungeon (2/15) Zot: 10386

Altars:
Xom

Shops:
D:1 !


Innate Abilities, Weirdness & Mutations

Your natural rate of healing is accelerated.
You have razor-sharp teeth.
You have supernaturally acute eyesight. (SInv)
You are afflicted with vampirism and can become a bat while bloodless.


Message History

Unknown command.
Press < or > to pray at altars.
The hobgoblin barely misses you.
You puncture the hobgoblin!
You kill the hobgoblin!
No target in view!
No target in view!
You see here a hobgoblin corpse.
There is a stone staircase leading down here.
You open the door.
A hobgoblin comes into view.
The hobgoblin shouts!
The hobgoblin hits you but does no damage.
You puncture the hobgoblin!
You kill the hobgoblin!
No target in view!
No target in view!
e - 3 fuming grey potions (gained 1)
A gnoll is nearby!
The gnoll shouts!
You start waiting.
A gnoll is nearby!
The gnoll hits you from afar with a +0 halberd of protection.
The gnoll closely misses you.
You puncture the gnoll!
The gnoll is heavily wounded.
The gnoll hits you with a +0 halberd of protection!
You closely miss the gnoll.
The gnoll is heavily wounded.
The gnoll hits you with a +0 halberd of protection.
You barely miss the gnoll.
The gnoll is heavily wounded.
The gnoll hits you with a +0 halberd of protection.
* * * LOW HITPOINT WARNING * * *
You hit the gnoll but do no damage.
The gnoll is heavily wounded.
The gnoll hits you with a +0 halberd of protection.
* * * LOW HITPOINT WARNING * * *
The gnoll hits you with a +0 halberd of protection!
You die...

##...#.##..##.# #.#.#....
#....#........# #.#.#....
.#.#........g....###.#.#....
............_..#.....#.#....
##.#...........#.###........
#....#'.....#.# #.#.##...
#.####.######.###.#...... #.
#.######............ #
#.g@....####.####...
#######.# #.# #.## #.####.#
#.#. #......# #.#. ########
#.#. #... ###. #. #.


You could see a gnoll.

Vanquished Creatures
  A gnoll (D:1)
  An adder (D:2)
  A dart slug (D:2)
  2 bats (D:1)
  2 endoplasms (D:1)
  3 goblins
  6 hobgoblins
  2 kobolds (D:2)
  A quokka (D:1)
  5 ball pythons
  A frilled lizard (D:1)
  A rat (D:1)
26 creatures vanquished.

Notes
Turn   | Place    | Note
-------+----------+-------------------------------------------
     0 | D:1      | Twinkles the Vampire Warper began the quest for the Orb.
     0 | D:1      | Reached XP level 1. HP: 16/16 MP: 3/3
   133 | D:1      | Found Nan Roorph's Distillery.
   438 | D:1      | Reached XP level 2. HP: 21/22 MP: 5/5
  1083 | D:2      | Gained mutation: You are afflicted with vampirism and can
                  | become a bat while bloodless. [Vampire growth]
  1083 | D:2      | Reached XP level 3. HP: 22/27 MP: 6/6
  1124 | D:2      | Reached skill level 3 in Long Blades
  1160 | D:2      | Found a shimmering altar of Xom.
  1276 | D:2      | HP: 6/27 [gnoll/+0 halberd (6)]
  1287 | D:2      | HP: 4/27 [gnoll/+0 club (7)]
  1293 | D:1      | HP: 6/27 [gnoll/+0 club (1)]
  1409 | D:2      | Found a faded altar of an unknown god.
  1592 | D:2      | HP: 6/27 [gnoll/+0 halberd of protection (6)]
  1593 | D:2      | Slain by a gnoll

Illustrated notes

Levels and vault maps discovered:
D:1:      dpeg_arrival_simpleton_a, layout_loops_corners, serial_shops, shop,
          dk_noncrumbling_3, chequers_big_river, minmay_nonomino_d4
D:2:      layout_basic, basic_altar, hellmonk_ecumenical_altar_crossroads

Skill      XL: |  1  2  3 |
---------------+----------+-----
Fighting       | 2 |  2.3
Long Blades    | 3 |  3.1
Throwing       | |  0.7
Armour         | |  0.7
Dodging        | |  2.8
Spellcasting   | |  2.0
Translocations | |  2.4

Action                     || total
---------------------------++-------
  Melee: Falchion          ||    38
         Bite              ||     5
         Rapier            ||    28
         Punch             ||     2
 Armour: Leather armour    ||    16
         Ring mail         ||     3
  Dodge: Dodged            ||    36
